Map: Temple gelé

Players

КолючийФу - Winner!

  • Race: Terran Terran
  • League: Gold
  • Spawn Location: 5:00

zidar

  • Race: Zerg Zerg
  • League: Gold
  • Spawn Location: 11:00

VOD

Have the link to the VOD?

Description

Time

  • Played on: June 4, 2016, 8:44 a.m.
  • Length: 13:30
Show
View Real Time Build Order
Export as new Build Order

КолючийФу Terran - Winner!

Build Orders: 1/1/1 

Get SALT Encoding   

  12  0:02  SCV  
  13  0:14  SCV  
  14  0:26  Supply Depot  
  14  0:27  SCV  
  15  0:32  Refinery  
  15  0:48  Barracks  
  15  0:51  SCV  
  16  1:00  Supply Depot  
  16  1:03  SCV  
  17  1:09  Refinery  
  17  1:15  SCV  
  18  1:37  Factory  
  18  1:42  SCV  
  19  1:52  Barracks Reactor  
  19  1:54  SCV  
  19  2:01  Supply Depot  
  20  2:10  SCV  
  21  2:22  Starport  
  21  2:37  SCV  
  22  2:39  Barracks Tech Lab  
  22  2:41  Hellion x2  
  26  2:50  Armory  
  26  2:52  SCV  
  27  3:05  Medivac  
  29  3:17  Hellion x2  
  35  3:20  Marauder  
  35  3:26  Stimpack  
  35  3:33  Supply Depot  
  35  3:37  Starport Reactor  
  35  3:43  Marauder  
  37  3:50  Hellbat  
  39  3:59  Orbital Command  
  39  4:27  Liberator x2  
  31  4:43  Marauder  
  39  4:48  Hellbat x2  
  43  4:54  Starport  
  43  4:56  SCV, Supply Depot  
  44  5:10  Liberator  
  44  5:12  Hellbat  
  46  5:18  Hellbat, Supply Depot  
  51  5:32  Marauder  
  51  5:34  Hellbat  
  55  5:36  Starport Tech Lab  
  55  5:52  Hellbat  
  55  5:54  Marauder  
  59  6:28  Liberator  
  59  6:36  Liberator  
  63  6:57  Liberator  
  54  7:11  Liberator  
  54  7:20  Marauder  
  54  7:22  Hellion x2  
  58  7:43  Liberator, Hellion x2  
  46  8:05  Hellion  
  51  8:09  Liberator  
  51  8:26  Liberator  
  54  8:40  Command Center  
  54  8:43  Command Center  
  55  9:13  Liberator  
  51  9:40  Marauder  
  53  9:51  Liberator  
  53  10:02  Marauder  
  58  10:23  Marauder  
  57  10:44  Marauder  
  53  11:06  Marauder  
  49  11:40  Marauder  
  49  11:44  Hellion x2  
  55  12:01  Marauder  
  55  12:05  Hellion  
  55  12:06  Hellion  
  55  12:08  Raven  
  63  12:23  Marauder  
  63  12:27  Hellion x2  
  69  12:44  Marauder  
  69  12:48  Hellion  
  71  13:06  Marauder  
Show
View Real Time Build Order
Export as new Build Order

zidar Zerg 

Build Orders: Hatch First 

Get SALT Encoding   

  12  0:02  Drone  
  13  0:09  Drone  
  13  0:12  Extractor  
  13  0:19  Overlord  
  14  0:22  Extractor  
  14  0:26  Drone  
  15  0:38  Drone x2  
  17  0:58  Hatchery  
  17  0:59  Drone  
  17  1:03  Extractor  
  16  1:05  Drone  
  17  1:21  Spawning Pool  
  17  1:24  Drone  
  17  1:29  Drone  
  18  1:35  Overlord  
  18  1:54  Drone  
  19  2:01  Drone  
  20  2:11  Queen x2  
  24  2:20  Zergling x2  
  24  2:21  Zergling x4  
  27  2:29  Metabolic Boost  
  27  2:34  Drone  
  28  2:47  Roach Warren  
  28  2:48  Drone  
  28  3:03  Extractor  
  27  3:08  Drone x2  
  27  3:09  Drone x3  
  27  3:10  Drone  
  32  3:18  Queen  
  34  3:39  Roach  
  36  3:47  Overlord  
  36  3:48  Overlord x2  
  36  3:52  Pneumatized Carapace  
  36  4:07  Roach  
  36  4:08  Roach x4  
  36  4:47  Roach x10  
  56  4:58  Overlord  
  56  4:59  Overlord  
  56  5:01  Zergling x2  
  56  5:04  Zergling x2  
  58  5:13  Ravager  
  59  5:19  Ravager  
  59  5:21  Zergling x10  
  65  5:42  Drone x3  
  62  6:14  Ravager  
  33  8:03  Zergling x2  
  33  8:04  Zergling x14  
  41  8:08  Ravager  
  42  8:34  Ravager  
  35  9:21  Roach x5  
  41  10:00  Ravager  
  41  10:07  Spore Crawler  
  38  10:28  Roach x3  
  34  11:09  Roach Warren  
  25  11:43  Queen  
  27  11:58  Ravager x2  
  29  12:04  Drone x3  
  26  12:58  Ravager  
  24  13:09  Spore Crawler  
  24  13:10  Spore Crawler x2  
Tags
 
Add a new tag
Caveats
  • Supply blocks, unpowered buildings, or Contaminate may cause inaccurate times.
  • Supply counts are checked every 10 seconds.